NCAA
UCLA BRUINS @ SOUTHERN CALIFORNIA TROJANS
05/24/2028
 
TOP OF THE 1ST
UCLA Bruins batting - Pitching for Southern California Trojans : RHP Carlos Encarnación
Pitching: RHP Carlos Encarnación
Batting: RHB Kent Bannatyne 0-0: Called Strike
0-1: Swinging Strike
0-2: Ball
1-2: SINGLE (Groundball, 6MD)
Batting: LHB Manny Kennedy 0-0: Ball
1-0: Called Strike
1-1: Foul Ball, location: 2F
1-2: Grounds into double play, 4-6-3 (Groundball, 4)
Batting: LHB Rob Phillips 0-0: Ball
1-0: Ball
2-0: Ball
3-0: Called Strike
3-1: Called Strike
3-2: Foul Ball, location: 2F
3-2: Foul Ball, location: 2F
3-2: Foul Ball, location: 2F
3-2: Strikes out swinging
Top of the 1st over - 0 run(s), 1 hit(s), 0 error(s), 0 left on base; UCLA 0 - Southern California 0
BOTTOM OF THE 1ST
Southern California Trojans batting - Pitching for UCLA Bruins : RHP Bill Bowen
Pitching: RHP Bill Bowen
Batting: RHB Ben Byrd 0-0: Ball
1-0: Ground out 5-3 (Groundball, 25)
Batting: RHB Ben Martínez 0-0: Bunt for hit - play at first, batter safe!
Batting: LHB Kel Smith 0-0: Called Strike
0-1: Grounds into double play, 4-6-3 (Groundball, 34)
Bottom of the 1st over - 0 run(s), 1 hit(s), 0 error(s), 0 left on base; UCLA 0 - Southern California 0
TOP OF THE 2ND
UCLA Bruins batting - Pitching for Southern California Trojans : RHP Carlos Encarnación
Batting: RHB Phil Thomas 0-0: Called Strike
0-1: Ball
1-1: Foul Ball, location: 2F
1-2: Ball
2-2: Strikes out swinging
Batting: RHB John Pineau 0-0: SINGLE (Groundball, 56D)
Batting: RHB José Soto 0-0: Ball
1-0: Foul Ball, location: 2F
1-1: Swinging Strike
1-2: Strikes out swinging
Batting: RHB Kevin Cochrane 0-0: Foul Ball, location: 2F
0-1: Ball
1-1: Fly out, F8 (Flyball, 89XD)
Top of the 2nd over - 0 run(s), 1 hit(s), 0 error(s), 1 left on base; UCLA 0 - Southern California 0
BOTTOM OF THE 2ND
Southern California Trojans batting - Pitching for UCLA Bruins : RHP Bill Bowen
Batting: RHB Mike Carter 0-0: Ball
1-0: Ball
2-0: Called Strike
2-1: Called Strike
2-2: SINGLE (Line Drive, 6)
Batting: LHB Steve Herman 0-0: Called Strike
0-1: Foul Ball, location: 2F
0-2: Strikes out swinging
Batting: SHB Will O'Clerkin 0-0: Ball
1-0: Ball
2-0: Foul Ball, location: 2F
2-1: Ball
3-1: Base on Balls
Mike Carter to second
Batting: RHB Fletcher López 0-0: Ball
1-0: Swinging Strike
1-1: Ball
2-1: Foul Ball, location: 2F
2-2: Strikes out looking
Batting: RHB John Fergusson 0-0: Called Strike
0-1: Called Strike
0-2: Foul Ball, location: 2F
0-2: Ball
1-2: Fielders Choice at 2nd, 6-4 (Groundball, 6)
Bottom of the 2nd over - 0 run(s), 1 hit(s), 0 error(s), 1 left on base; UCLA 0 - Southern California 0
TOP OF THE 3RD
UCLA Bruins batting - Pitching for Southern California Trojans : RHP Carlos Encarnación
Batting: LHB Edward Norton 0-0: Called Strike
0-1: Foul Ball, location: 2F
0-2: Strikes out swinging
Batting: RHB Chad Walter 0-0: Foul Ball, location: 2F
0-1: SINGLE (Line Drive, 8LS)
Batting: RHB Kent Bannatyne 0-0: Ball
1-0: Ball
2-0: Foul Ball, location: 2F
2-1: Ball
3-1: Base on Balls
Chad Walter to second
Batting: LHB Manny Kennedy 0-0: Ball
1-0: Called Strike
Chad Walter is caught stealing 3rd base
Kent Bannatyne to second
1-1: Fly out, F8 (Flyball, 89M)
Top of the 3rd over - 0 run(s), 1 hit(s), 0 error(s), 1 left on base; UCLA 0 - Southern California 0
BOTTOM OF THE 3RD
Southern California Trojans batting - Pitching for UCLA Bruins : RHP Bill Bowen
Batting: LHB Carl Hodge 0-0: Ball
1-0: Ball
2-0: Ball
3-0: Called Strike
3-1: Foul Ball, location: 2F
3-2: Foul Ball, location: 2F
3-2: Foul Ball, location: 2F
3-2: Foul Ball, location: 2F
3-2: Foul Ball, location: 2F
3-2: Foul Ball, location: 2F
3-2: Foul Ball, location: 2F
3-2: Foul Ball, location: 2F
3-2: Foul Ball, location: 2F
3-2: Fly out, F6 (Line Drive, 6)
Batting: RHB Ben Byrd 0-0: Swinging Strike
0-1: Swinging Strike
0-2: Ball
1-2: Foul Ball, location: 2F
1-2: Foul Ball, location: 2F
1-2: Ground out 5-3 (Groundball, 56)
Batting: RHB Ben Martínez 0-0: Ground out 5-3 (Groundball, 56)
Bottom of the 3rd over - 0 run(s), 0 hit(s), 0 error(s), 0 left on base; UCLA 0 - Southern California 0
TOP OF THE 4TH
UCLA Bruins batting - Pitching for Southern California Trojans : RHP Carlos Encarnación
Batting: LHB Rob Phillips 0-0: SINGLE (Groundball, 6D)
Batting: RHB Phil Thomas 0-0: Foul Ball, location: 2F
0-1: Ball
1-1: Ball
2-1: Foul Ball, location: 2F
2-2: Strikes out swinging
Batting: RHB John Pineau 0-0: Called Strike
0-1: Called Strike
0-2: Foul Ball, location: 2F
0-2: Ball
1-2: Foul Ball, location: 2F
1-2: Ball
2-2: Foul Ball, location: 2F
2-2: Strikes out looking
Batting: RHB José Soto 0-0: Called Strike
0-1: Ball
1-1: Ball
2-1: Foul Ball, location: 2F
2-2: Fielders Choice at 2nd, 5-4 (Groundball, 5L)
Top of the 4th over - 0 run(s), 1 hit(s), 0 error(s), 0 left on base; UCLA 0 - Southern California 0
BOTTOM OF THE 4TH
Southern California Trojans batting - Pitching for UCLA Bruins : RHP Bill Bowen
Batting: LHB Kel Smith 0-0: Ball
1-0: Swinging Strike
1-1: Swinging Strike
1-2: Strikes out swinging
Batting: RHB Mike Carter 0-0: Called Strike
0-1: Ball
1-1: Called Strike
1-2: Ball
2-2: Strikes out looking
Batting: LHB Steve Herman 0-0: Ball
1-0: Called Strike
1-1: Foul Ball, location: 2F
1-2: Strikes out swinging
Bottom of the 4th over - 0 run(s), 0 hit(s), 0 error(s), 0 left on base; UCLA 0 - Southern California 0
TOP OF THE 5TH
UCLA Bruins batting - Pitching for Southern California Trojans : RHP Carlos Encarnación
Batting: RHB Kevin Cochrane 0-0: Ball
1-0: Ball
2-0: Reached on error, E5 (Groundball, 5L)
Batting: LHB Edward Norton 0-0: DOUBLE (Line Drive, 78XD)
Kevin Cochrane to third
Batting: RHB Chad Walter 0-0: Called Strike
0-1: Ground out 5-3 (Groundball, 5D)
Kevin Cochrane scores
Batting: RHB Kent Bannatyne 0-0: Ball
Edward Norton steals 3rd base
1-0: Called Strike
1-1: Called Strike
1-2: Ball
2-2: Foul Ball, location: 2F
2-2: SINGLE (Groundball, 6D)
Edward Norton scores
Batting: LHB Manny Kennedy 0-0: Fly out, F8 (Flyball, 8RXD)
Batting: LHB Rob Phillips 0-0: Ball
1-0: Ball
2-0: Called Strike
2-1: Ball
3-1: Foul Ball, location: 2F
3-2: Strikes out swinging
Top of the 5th over - 2 run(s), 2 hit(s), 1 error(s), 1 left on base; UCLA 2 - Southern California 0
BOTTOM OF THE 5TH
Southern California Trojans batting - Pitching for UCLA Bruins : RHP Bill Bowen
Batting: SHB Will O'Clerkin 0-0: Called Strike
0-1: Swinging Strike
0-2: Ball
1-2: Ball
2-2: Strikes out swinging
Batting: RHB Fletcher López 0-0: Fly out, F7 (Flyball, 78M)
Batting: RHB John Fergusson 0-0: Called Strike
0-1: Swinging Strike
0-2: Ball
1-2: Foul Ball, location: 2F
1-2: SINGLE (Line Drive, 89S)
Batting: LHB Carl Hodge 0-0: Ball
1-0: Foul Ball, location: 2F
1-1: Fielders Choice at 2nd, 4-6 (Groundball, 4)
Bottom of the 5th over - 0 run(s), 1 hit(s), 0 error(s), 0 left on base; UCLA 2 - Southern California 0
TOP OF THE 6TH
UCLA Bruins batting - Pitching for Southern California Trojans : RHP Carlos Encarnación
Pitching: LHP Chris Brown
Batting: RHB Phil Thomas 0-0: Ball
1-0: Called Strike
1-1: Ball
2-1: Swinging Strike
2-2: Strikes out swinging
Batting: RHB John Pineau 0-0: Called Strike
0-1: Ball
1-1: Ball
2-1: Ball
3-1: Base on Balls
Batting: RHB José Soto 0-0: Called Strike
0-1: Ball
1-1: Ball
2-1: Foul Ball, location: 2F
2-2: Strikes out looking
Batting: RHB Kevin Cochrane 0-0: Ball
1-0: Ball
2-0: Called Strike
2-1: Ball
3-1: Base on Balls
John Pineau to second
Batting: LHB Edward Norton 0-0: Fly out, F7 (Flyball, 7LS)
Top of the 6th over - 0 run(s), 0 hit(s), 0 error(s), 2 left on base; UCLA 2 - Southern California 0
BOTTOM OF THE 6TH
Southern California Trojans batting - Pitching for UCLA Bruins : RHP Bill Bowen
Batting: RHB Ben Byrd 0-0: Foul Ball, location: 2F
0-1: Ball
1-1: Ball
2-1: Fly out, F8 (Flyball, 8LS)
Pitching: RHP Dale Bennett
Batting: RHB Ben Martínez 0-0: Ball
1-0: SINGLE (Flyball, 8LS)
Batting: LHB Kel Smith 0-0: Ball
1-0: 2-RUN HOME RUN (Flyball, 9LD), Distance : 329 ft
Pitching: RHP Dave Wilson
Batting: RHB Mike Carter 0-0: Ball
1-0: Ball
2-0: Called Strike
2-1: Fly out, F6 (Popup, 5D)
Batting: LHB Steve Herman 0-0: Called Strike
0-1: Ball
1-1: Ball
2-1: Ball
3-1: Base on Balls
Batting: SHB Will O'Clerkin 0-0: Called Strike
0-1: Ball
1-1: Ball
2-1: Foul Ball, location: 2F
2-2: Strikes out looking
Bottom of the 6th over - 2 run(s), 2 hit(s), 0 error(s), 1 left on base; UCLA 2 - Southern California 2
TOP OF THE 7TH
UCLA Bruins batting - Pitching for Southern California Trojans : LHP Chris Brown
Batting: RHB Chad Walter 0-0: Ball
1-0: Ball
2-0: Ball
3-0: Called Strike
3-1: SINGLE (Line Drive, 6MD)
Batting: RHB Kent Bannatyne 0-0: Bunt missed!
0-1: Ball
1-1: Sac Bunt - play at first, batter OUT! 1-4
Chad Walter to second
Batting: LHB Manny Kennedy 0-0: Intentional Walk
Batting: LHB Rob Phillips 0-0: Swinging Strike
0-1: Ball
1-1: Swinging Strike
1-2: Foul Ball, location: 2F
1-2: Ball
2-2: Ball
3-2: Foul Ball, location: 2F
3-2: Strikes out swinging
Batting: RHB Phil Thomas 0-0: Ball
1-0: Called Strike
1-1: Called Strike
1-2: Strikes out looking
Top of the 7th over - 0 run(s), 1 hit(s), 0 error(s), 2 left on base; UCLA 2 - Southern California 2
BOTTOM OF THE 7TH
Southern California Trojans batting - Pitching for UCLA Bruins : RHP Dave Wilson
Pinch Hitting: RHB Max MacKieson 0-0: Called Strike
0-1: Ball
1-1: Foul Ball, location: 2F
1-2: Strikes out swinging
Batting: RHB John Fergusson 0-0: Ball
1-0: SOLO HOME RUN (Flyball, 8LXD), Distance : 406 ft
Batting: LHB Carl Hodge 0-0: SINGLE (Groundball, 4MD)
Batting: RHB Ben Byrd 0-0: Foul Ball, location: 2F
0-1: Swinging Strike
0-2: Ball
1-2: Ball
2-2: 2-RUN HOME RUN (Flyball, 7LD), Distance : 317 ft
Pitching: RHP Bryan Prince
Batting: RHB Ben Martínez 0-0: Called Strike
0-1: Ball
1-1: Ball
2-1: Foul Ball, location: 2F
2-2: Foul Ball, location: 2F
2-2: Ball
3-2: Base on Balls
Batting: LHB Kel Smith 0-0: Ball
1-0: Ball
2-0: Fly out, F7 (Flyball, 7)
Batting: RHB Mike Carter 0-0: Ball
1-0: Called Strike
Ben Martínez is caught stealing 2nd base
Bottom of the 7th over - 3 run(s), 3 hit(s), 0 error(s), 0 left on base; UCLA 2 - Southern California 5
TOP OF THE 8TH
UCLA Bruins batting - Pitching for Southern California Trojans : LHP Chris Brown
Now at 2B: Max MacKieson
Batting: RHB John Pineau 0-0: Ball
1-0: Called Strike
1-1: Called Strike
1-2: Ball
2-2: Foul Ball, location: 2F
2-2: Ball
3-2: Base on Balls
Pitching: RHP Brett Hammond
Batting: RHB José Soto 0-0: Ball
1-0: Ball
2-0: Ball
3-0: Called Strike
3-1: Base on Balls
John Pineau to second
Batting: RHB Kevin Cochrane 0-0: Ball
1-0: Called Strike
1-1: Ball
2-1: Foul Ball, location: 2F
2-2: Ball
3-2: Base on Balls
John Pineau to third
José Soto to second
Pitching: LHP Félix Velasco
Batting: LHB Edward Norton 0-0: Called Strike
0-1: Swinging Strike
0-2: Foul Ball, location: 2F
0-2: Strikes out swinging
Pitching: RHP William Spencer
Batting: RHB Chad Walter 0-0: Foul Ball, location: 2F
0-1: Ball
1-1: Swinging Strike
1-2: Strikes out swinging
Batting: RHB Kent Bannatyne 0-0: Fielders Choice at 2nd, 5-4 (Groundball, 5L)
Top of the 8th over - 0 run(s), 0 hit(s), 0 error(s), 2 left on base; UCLA 2 - Southern California 5
BOTTOM OF THE 8TH
Southern California Trojans batting - Pitching for UCLA Bruins : RHP Bryan Prince
Batting: RHB Mike Carter 0-0: Swinging Strike
0-1: Fly out, F8 (Flyball, 78M)
Batting: LHB Steve Herman 0-0: Called Strike
0-1: SINGLE (Groundball, 4D)
Batting: SHB Will O'Clerkin 0-0: Called Strike
0-1: SINGLE (Groundball, 3) (infield hit)
Steve Herman to second
Batting: RHB Max MacKieson 0-0: Fly out, F7 (Line Drive, 7)
Batting: RHB John Fergusson 0-0: Fly out, F9 (Flyball, 9LS)
Bottom of the 8th over - 0 run(s), 2 hit(s), 0 error(s), 2 left on base; UCLA 2 - Southern California 5
TOP OF THE 9TH
UCLA Bruins batting - Pitching for Southern California Trojans : RHP William Spencer
Pitching: LHP Doug Hamilton
Batting: LHB Manny Kennedy 0-0: Called Strike
0-1: Swinging Strike
0-2: Ball
1-2: Ball
2-2: Strikes out swinging
Batting: LHB Rob Phillips 0-0: Called Strike
0-1: Called Strike
0-2: Foul Ball, location: 2F
0-2: Ball
1-2: Ball
2-2: Fly out, F7 (Flyball, 7LS)
Batting: RHB Phil Thomas 0-0: Ball
1-0: Foul Ball, location: 2F
1-1: Called Strike
1-2: Strikes out swinging
Top of the 9th over - 0 run(s), 0 hit(s), 0 error(s), 0 left on base; UCLA 2 - Southern California 5
Tuesday, August 8th, 2017 - OOTP Baseball 17.12 Build 75